 Dungeon Crawl Stone Soup version 0.26.1-11-gd32895ea62 (webtiles) character file.

Game seed: 5041176875823107359

42 bnorton916 the Chiller (level 3, -1/24 HPs)
             Began as a Barachi Ice Elementalist on June 3, 2021.
             Slain by a hobgoblin
             ... wielding a +0 club
              (2 damage)
             ... on level 1 of the Dungeon.
             The game lasted 00:01:55 (1497 turns).

bnorton916 the Chiller (Barachi Ice Elementalist)   Turns: 1497, Time: 00:01:55

Health: -1/24      AC:  2    Str:  9    XL:     3   Next: 54%
Magic:  5/7        EV: 12    Int: 16    God:
Gold:   42         SH:  0    Dex: 12    Spells: 7/8 levels left

rFire    . . .     SeeInvis .   d - +2 dagger (elec)
rCold    . . .     Faith    .   (no shield)
rNeg     . . .     Spirit   .   a - +0 robe
rPois    .         Reflect  .   (no helmet)
rElec    .         Harm     .   (no cloak)
rCorr    .         Rampage  .   (no gloves)
Will     .....                  (no boots)
Stlth    ++........             (no amulet)
HPRegen  0.08/turn              (no ring)
MPRegen  0.10/turn              (no ring)

@: slow
A: +LOS, swims, slowness 1, strong legs 1
a: Hop


You were on level 1 of the Dungeon.
You visited 1 branch of the dungeon, and saw 2 of its levels.

You collected 42 gold pieces.

Inventory:

Hand Weapons
 b - a +4 mace
 d - a +2 dagger of electrocution (weapon)
Armour
 a - a +0 robe (worn)
Scrolls
 c - a scroll of noise {unknown}
 h - a scroll of identify {unknown}
Potions
 e - a potion of lignification {unknown}
 f - 2 potions of curing {unknown}
 g - a potion of might {unknown}


   Skills:
 - Level 2.1 Dodging
 - Level 1.7 Stealth
 + Level 3.2 Spellcasting
 + Level 5.6 Ice Magic


You had 7 spell levels left.
You knew the following spells:

 Your Spells              Type           Power        Failure   Level
a - Freeze                Ice            80%          1%          1

Your spell library contained the following spells:

 Spells                   Type           Power        Failure   Level
 Frozen Ramparts          Ice            40%          5%          3
 Ozocubu's Armour         Ice            20%          5%          3
 Hailstorm                Conj/Ice       11%          50%         4
 Summon Ice Beast         Ice/Summ       11%          50%         4


Dungeon Overview and Level Annotations

Branches:
Dungeon (2/15)

Altars:


Innate Abilities, Weirdness & Mutations

You can be seen from farther away. (+LOS)
You can swim through water.
You cover ground slowly.
You can hop short distances.


Message History

The hobgoblin hits you with a +0 club. The worm closely misses you.
The hobgoblin barely misses you.
You climb upwards.
There is a stone staircase leading down here.
Casting: Freeze (safe; 1% risk of failure)
Confirm with . or Enter, or press ? or * to list all spells.
Aiming: Freeze (safe; 1% risk of failure)
Press: ? - help, Shift-Dir - straight line, f - worm
Aim: a worm You freeze the worm.
The worm is moderately wounded.
The hobgoblin barely misses you. The worm bites you!
* * * LOW HITPOINT WARNING * * *
You hit the hobgoblin but do no damage.
The hobgoblin is almost dead.
The hobgoblin misses you. The worm bites you.
* * * LOW HITPOINT WARNING * * *
The hobgoblin hits you with a +0 club.
You die...

.....##
##..##..#.#
......##
##..##.#.#
#......##
##.##.#.#
##...[..##
#..#.#.#
##......####.#.#.#
##..............#
##(.....####.##..#
##......##
#..##..# #.....(##
##.###@g# ......##
##..# #w># .....##
##..####### ....##
##..##...# ...##
##..###.#.#
..#####..## #.#.#
.####...##
#.#.#### ###...###
#.#.)..# ....###
#.#.^#.######


You could see a worm and a hobgoblin.

Vanquished Creatures
  An adder (D:1)
  2 dart slugs (D:1)
  A leopard gecko (D:1)
  A ball python (D:1)
  3 bats (D:1)
  7 goblins (D:1)
  A hobgoblin (D:1)
  5 kobolds (D:1)
  2 frilled lizards (D:1)
  4 rats (D:1)
27 creatures vanquished.

Notes
Turn   | Place    | Note
-------+----------+-------------------------------------------
     0 | D:1      | bnorton916 the Barachi Ice Elementalist began the quest for
                  | the Orb.
     0 | D:1      | Reached XP level 1. HP: 13/13 MP: 3/3
   101 | D:1      | Reached skill level 5 in Ice Magic
   107 | D:1      | Reached XP level 2. HP: 18/19 MP: 1/5
   887 | D:1      | Reached XP level 3. HP: 24/24 MP: 4/7
  1497 | D:1      | HP: 1/24 [worm (5)]
  1497 | D:1      | Slain by a hobgoblin

Illustrated notes

Levels and vault maps discovered:
D:1:      dpeg_arrival_central, layout_basic
D:2:      layout_basic, zin_academy, overflow_temple_1_default,
          serial_corexii_hall, chequers_hall_statues_corner_a,
          corexii_hall_statues_s, corexii_hall_statues_u

Skill      XL: |  1  2  3 |
---------------+----------+-----
Ice Magic      | 5 |  5.6
Spellcasting   | 3 |  3.2
Dodging        | |  2.1
Stealth        | |  1.7

Action                   || total
-------------------------++-------
Melee: Dagger            ||    42
 Cast: Freeze            ||    20
  Use: Scroll            ||     1
 Stab: Sleeping          ||     3
Armor: Robe              ||    18
Dodge: Dodged            ||    48
